AoeStats
← Tavik

African Clearing

504882291Analyzed
2v2 RM · 25d ago on Sep 6, 2026· 17m 5s· 4 players
Game mode
Random Map
Map size
Medium (4 player)
Population
200
Speed
Normal
Resources
Standard
Victory
Conquest
Starting age
Dark Age
Ending age
Imperial Age
RankedLock teamsTeams togetherTeam positionsShared explorationLock speedFull tech treeHidden civsTurbo modeCheats
Victory
Defeat
🇨🇿 Malians · Czechia
1361
+15
🇨🇿 Huns · Czechia
1310
+17
🇺🇸 Hindustanis · United States
1346
-16
🇺🇸 Mongols · United States
1341
-16
Melioth
4:11 Loom
12:59 Feudal Age
15:10 Forging
15:54 Scale Barding Armor
Tavik
3:54 Loom
12:57 Feudal Age
12:59 Man-at-Arms
13:38 Arson
Housed MD
12:12 Loom
13:57 Feudal Age
18:29 Castle Age
vada_pav_4life
6:23 Loom
13:40 Feudal Age
18:03 Castle Age
Connection lost

Rejoining the realm…

Still unreachable

The connection could not be restored.

Session expired

The server has moved on; the page needs a fresh start.